 Dungeon Crawl Stone Soup version 0.21-a0-110-g8e1637b (webtiles) character file.

1255 Alarkh the Chopper (level 8, -4/82 HPs)
             Began as a Demonspawn Monk on July 8, 2017.
             Was a Believer of Okawaru.
             Slain by Prince Ribbit (14 damage)
             ... on level 6 of the Dungeon.
             The game lasted 00:07:07 (6652 turns).

Alarkh the Chopper (Demonspawn Monk)                Turns: 6652, Time: 00:07:07

Health: -4/82      AC:  8    Str: 17    XL:     8   Next: 26%
Magic:  8/8        EV: 12    Int: 14    God:    Okawaru [**....]
Gold:   388        SH:  0    Dex: 13    Spells: 7/7 levels left

rFire    + . .     SeeInvis .   a - +0 hand axe
rCold    + . .     Gourm    .   (no shield)
rNeg     . . .     Faith    .   k - +0 ring mail
rPois    .         Spirit   .   (helmet restricted)
rElec    .         Reflect  .   f - +0 cloak (curse)
rCorr    .         Harm     .   (no gloves)
MR       .....                  m - +1 pair of boots
Stlth    ..........             (no amulet)
HPRegen  0.23/turn              h - ring of flight
MPRegen  0.11/turn              v - ring of protection from cold

@: berserking (expiring), lethally poisoned (-4 -> -5), very quick
A: horns 2, thin metallic scales 1, clumsy 1, deformed body, fire resistance 1,
frail 1, wild magic 3
a: Heroism, Renounce Religion, Evoke Flight


You were on level 6 of the Dungeon.
You worshipped Okawaru.
Okawaru was pleased with you.
You were hungry.

You visited 2 branches of the dungeon, and saw 7 of its levels.

You collected 388 gold pieces.

Inventory:

Hand Weapons
 a - a +0 hand axe (weapon)
Armour
 b - a +0 robe
 f - a cursed +0 cloak (worn)
 k - a +0 ring mail (worn)
 m - a +1 pair of boots (worn)
 o - a +2 cloak
Jewellery
 h - a ring of flight (left hand)
 v - a ring of protection from cold (right hand)
Wands
 g - a wand of digging (14/24)
 q - a wand of disintegration (4/24)
 y - a wand of acid (2/15)
 A - a wand of flame (25/48)
Scrolls
 d - 3 scrolls of teleportation
 e - a scroll of identify
 i - a scroll of fog
 j - 2 scrolls of random uselessness
 l - 3 scrolls of remove curse {unknown}
 n - a scroll of blinking {unknown}
 B - a scroll of enchant weapon {unknown}
Potions
 r - a potion of might
 s - 2 potions of curing
 t - a potion of heal wounds
 u - a potion of lignification
 w - a potion of agility
 z - a potion of haste {unknown}
 D - a potion of invisibility
Comestibles
 c - 5 bread rations
 p - 2 royal jellies
 E - 2 fruits


   Skills:
 + Level 5.0 Fighting
 + Level 6.0 Axes
 + Level 4.3 Armour
 + Level 4.0 Dodging
 + Level 3.6 Stealth
 + Level 0.6 Evocations


You had 7 spell levels left.
You didn't know any spells.

Dungeon Overview and Level Annotations

Branches:
Dungeon (6/15)             Temple (1/1) D:5

Altars:
Ashenzari
Cheibriados
Dithmenos
Elyvilon
Fedhas
Gozag
Hepliaklqana
Kikubaaqudgha
Makhleb
Nemelex Xobeh
Okawaru
Qazlal
Ru
Trog
Uskayaw
Vehumet
Xom
Yredelemnul
Zin
The Shining One

Shops:
D:6 }

Annotations:
D:6 Prince Ribbit


Innate Abilities, Weirdness & Mutations

You have a pair of horns on your head.
You are partially covered in thin metallic scales. (AC +2)
Your flesh is heat resistant. (rF+)
You are clumsy. (Dex -2)
Armour fits poorly on your strangely shaped body.
You are frail. (-10% HP)
Your spells are much harder to cast, but much more powerful.


Message History

You barely miss Prince Ribbit.
Prince Ribbit is moderately wounded.
Prince Ribbit hits you!
* * * LOW HITPOINT WARNING * * *
You miss Prince Ribbit.
Prince Ribbit is moderately wounded.
Prince Ribbit closely misses you.
You closely miss Prince Ribbit.
Prince Ribbit is moderately wounded.
Prince Ribbit catches a baby bat with his tongue.
Prince Ribbit hits you!
* * * LOW HITPOINT WARNING * * *
You slash Prince Ribbit! Your headbutt misses Prince Ribbit.
Prince Ribbit is heavily wounded.
You feel sick.
Prince Ribbit hits you but does no damage.
You miss Prince Ribbit.
Prince Ribbit is heavily wounded.
Prince Ribbit hits you!
You die...

#.###.##..## ##...##
#. ##.# ##.....##.#
#.# #.# ##.......#.#
#..##.#
#..........###.[.#.##
+....................
#.................)##
#..F....#####..#.)))
#.@...# ####.##..#.
##...## .....##.##
##'## #.##..##.#. #.#
#.#......## #.#
#.#.#.#.... ####.##
#.....#####
###....######.###
+∩#......# #.#
###....#.####.#


You could see Prince Ribbit.

Vanquished Creatures
  A hippogriff (D:6)
  Sigmund (D:2)
  2 phantoms
  A sky beast (D:6)
  2 scorpions
  2 crimson imps (D:5)
  A hound (D:4)
  A bullfrog skeleton (D:5)
  3 orc priests (D:5)
  Crazy Yiuf (D:2)
  3 orc wizards (D:5)
  A hound zombie (D:5)
  A howler monkey zombie (D:5)
  8 gnolls
  9 adders
  2 shadow imps
  An ooze (D:5)
  2 worms (D:2)
  4 orcs (D:5)
  5 bats
  5 giant cockroaches
  4 goblins
  A hobgoblin (D:2)
  2 quokkas
  2 ball pythons
  3 frilled lizards
  4 kobolds
  A leopard gecko skeleton (D:5)
  5 rats
  A fungus (D:1)
  2 plants (D:1)
81 creatures vanquished.

Notes
Turn   | Place    | Note
-------+----------+-------------------------------------------
     0 | D:1      | Alarkh the Demonspawn Monk began the quest for the Orb.
     0 | D:1      | Reached XP level 1. HP: 18/18 MP: 1/1
   598 | D:1      | Reached skill level 3 in Axes
   821 | D:2      | Gained mutation: Your flesh is heat resistant. (rF+) [demonic ancestry]
   821 | D:2      | Reached XP level 2. HP: 22/24 MP: 2/2
  1134 | D:2      | Found a runed door.
  1205 | D:2      | Noticed Sigmund
  1745 | D:4      | Found a sparkling altar of Nemelex Xobeh.
  1793 | D:3      | Found a sacrificial altar of Ru.
  1807 | D:3      | Gained mutation: You have a pair of small horns on your head. [demonic ancestry]
  1807 | D:3      | Reached XP level 3. HP: 29/29 MP: 3/3
  2130 | D:3      | Gained mutation: You are partially covered in thin metallic scales. (AC +2) [demonic ancestry]
  2130 | D:3      | Reached XP level 4. HP: 33/37 MP: 4/4
  2209 | D:3      | Found a blossoming altar of Fedhas.
  2320 | D:4      | Noticed a phantom
  2347 | D:5      | Entered Level 5 of the Dungeon
  2416 | D:5      | Gained mutation: Armour fits poorly on your strangely shaped body. [potion of mutation]
  2416 | D:5      | Gained mutation: Your spells are a little harder to cast, but a little more powerful. [potion of mutation]
  2416 | D:5      | Gained mutation: Your spells are harder to cast, but more powerful. [potion of mutation]
  2432 | D:5      | Reached skill level 1 in Armour
  2468 | D:5      | Reached XP level 5. HP: 25/42 MP: 5/5
  2489 | D:5      | Found a shattered altar of Ashenzari.
  2664 | D:2      | Killed Sigmund
  2664 | D:2      | Reached skill level 4 in Axes
  2664 | D:2      | Gained mutation: You have a pair of horns on your head. [demonic ancestry]
  2664 | D:2      | Reached XP level 6. HP: 39/48 MP: 6/6
  2931 | D:2      | Found a white marble altar of Elyvilon.
  3406 | D:2      | Found a faded altar of an unknown god.
  3662 | D:2      | Noticed Crazy Yiuf
  3681 | D:2      | Killed Crazy Yiuf
  4029 | D:4      | Reached XP level 7. HP: 55/55 MP: 7/7
  4681 | D:5      | Reached skill level 5 in Axes
  4879 | D:5      | Found a staircase to the Ecumenical Temple.
  4884 | Temple   | Entered the Ecumenical Temple
  5071 | Temple   | Became a worshipper of Warmaster Okawaru
  5071 | Temple   | Reached * piety under Okawaru
  5071 | Temple   | Reached ** piety under Okawaru
  5189 | D:5      | Found a shadowy altar of Dithmenos.
  5408 | D:5      | Found a hide-covered altar of Uskayaw.
  5409 | D:5      | Found an ancient bone altar of Kikubaaqudgha.
  5411 | D:5      | Found a glowing golden altar of the Shining One.
  5412 | D:5      | Found a hazy altar of Hepliaklqana.
  5412 | D:5      | Found a radiant altar of Vehumet.
  5592 | D:6      | Noticed a hippogriff
  5606 | D:6      | Killed a hippogriff
  5845 | D:6      | Found a basalt altar of Yredelemnul.
  5913 | D:6      | Reached XP level 8. HP: 45/61 MP: 8/8
  5917 | D:6      | Gained mutation: You are frail. (-10% HP) [mutagenic meat]
  5918 | D:6      | Gained mutation: Your spells are much harder to cast, but much more powerful. [mutagenic meat]
  5919 | D:6      | Gained mutation: You are clumsy. (Dex -2) [mutagenic meat]
  6354 | D:6      | Reached skill level 6 in Axes
  6622 | D:6      | Found Sewa Deu's Gadget Boutique.
  6635 | D:6      | Noticed Prince Ribbit
  6645 | D:6      | Reached skill level 5 in Fighting
  6652 | D:6      | Slain by Prince Ribbit

Vault maps used:
D:1:      tarquinn_simple_flora_water_f
D:2:      lemuel_coloured_pillars_altar, serial_bayou, serial_bayou_pond_b,
          serial_bayou_pond_c, serial_bayou_ford_a, serial_bayou_crossing,
          chequers_ecumenical_altar_lobes, first_bread, palyth_stone_intersect,
          uniq_sigmund, uniq_crazy_yiuf_cottage
D:3:      fedhas_altar_2, old_standard_altar
D:4:      nemelex_xobeh_ov_fountains_minmay
D:5:      grunt_temple_overflow_open, cheibrodos_ashenzari_chains,
          temple_doors_e, grunt_dithmenos_smoke
D:6:      yredelemnul_altar_generic, kennysheep_little_box, serial_shops,
          nicolae_shop_window_shopping, minmay_misc_feat_tiny,
          minmay_liquid_box, nemelex_diamond_rough_becter, uniq_prince_ribbit1,
          uniq_pikel
Temple:   compressed_dpeg_triangle_lava_temple

Skill      XL: |  1  2  3  4  5  6  7  8 |
---------------+-------------------------+-----
Axes           | 3 4 5 6 |  6.0
Dodging        | 3 4 |  4.0
Armour         | 1 2 3 4 |  4.3
Stealth        | 2 3 |  3.6
Fighting       | 4 5 |  5.0
Evocations     | |  0.6

Action                   |  1- 3 |  4- 6 |  7- 9 || total
-------------------------+-------+-------+-------++-------
Melee: Hand axe          |   199 |   133 |   218 ||   550
       Headbutt          |     4 |    24 |    39 ||    67
Evoke: Wand              |       |     4 |     2 ||     6
  Use: Scroll            |     2 |     5 |     2 ||     9
       Potion            |     1 |     4 |     3 ||     8
 Stab: Invisible         |       |     9 |       ||     9
       Sleeping          |       |     1 |       ||     1
  Eat: Chunk             |     4 |     5 |    10 ||    19
       Royal jelly       |       |       |     1 ||     1
Armor: Robe              |    10 |       |       ||    10
       Ring mail         |    41 |    28 |    93 ||   162
       Skin              |       |     7 |       ||     7
Dodge: Dodged            |    63 |    75 |   118 ||   256
